AoeStats
← Tersicox

Arabia

510723294Analyzed
3v3 RM · 20h ago on Oct 2, 2026· 70m 37s· 6 players
Game mode
Random Map
Map size
Normal (6 player)
Population
200
Speed
Normal
Resources
Standard
Victory
Conquest
Starting age
Dark Age
Ending age
Imperial Age
RankedLock teamsTeams togetherTeam positionsShared explorationLock speedFull tech treeHidden civsTurbo modeCheats
Victory
Defeat
🇲🇽 Magyars · Mexico
1072
+12
🇪🇸 Aztecs · Spain
1033
+14
🇨🇭 Varangians · Switzerland
839
+21
🇳🇿 Burmese · New Zealand
1029
-18
🇻🇳 Poles · Vietnam
969
-15
🇬🇧 Vietnamese · United Kingdom
925
-14
| Hooligan |
10:39 Feudal Age
8:58 Loom
21:52 Castle Age
20:52 Fletching
22:18 Crossbowman
24:37 Horse Collar
24:46 Double-Bit Axe
33:12 Thumb Ring
33:16 Bodkin Arrow
44:26 Ballistics
46:05 Heavy Plow
47:35 Padded Archer Armor
49:21 Bow Saw
55:28 Imperial Age
55:35 Wheelbarrow
58:02 Chemistry
59:42 Paper Money
60:46 Elite Skirmisher
62:21 Hand Cart
62:55 Bracer
63:11 Leather Archer Armor
69:04 Imperial Skirmisher
MediocreSiegeBreaker
5:03 Loom
11:48 Feudal Age
21:54 Castle Age
21:13 Stone Mining
21:42 Horse Collar
22:24 Gold Mining
25:17 Squires
27:01 Wheelbarrow
29:31 Hand Cart
34:09 Gold Shaft Mining
36:18 Elite Skirmisher
40:34 Imperial Age
39:15 Husbandry
39:46 Heavy Plow
40:40 Scale Barding Armor
40:26 Fletching
41:48 Chain Barding Armor
41:42 Bloodlines
41:33 Imperial Skirmisher
42:49 Conscription
44:01 Chemistry
43:22 Ballistics
43:00 Bodkin Arrow
44:09 Padded Archer Armor
44:27 Guard Tower
45:31 Caravan
46:22 Bracer
45:57 Cavalier
48:30 Elite Battle Elephant
51:14 Scale Mail Armor
51:25 Forging
50:42 Pikeman
52:48 Chain Mail Armor
53:09 Iron Casting
51:57 Halberdier
kyokiroto
10:39 Feudal Age
13:50 Bloodlines
21:58 Castle Age
23:08 Double-Bit Axe
23:04 Horse Collar
22:50 Light Cavalry
23:31 Husbandry
23:51 Heavy Plow
24:04 Bow Saw
26:10 Scale Barding Armor
26:15 Forging
26:03 Stone Mining
29:48 Chain Barding Armor
31:54 Gold Mining
34:29 Iron Casting
38:32 Imperial Age
38:39 Winged Hussar
38:47 Winged Hussar
40:31 Blast Furnace
39:54 Conscription
39:55 Lechitic Legacy
41:19 Wheelbarrow
41:46 Crop Rotation
44:38 Hand Cart
44:10 Town Watch
Tersicox
6:20 Loom
9:50 Feudal Age
10:41 Double-Bit Axe
20:40 Horse Collar
23:27 Castle Age
21:58 Gold Mining
24:19 Bow Saw
24:01 Fletching
24:55 Bodkin Arrow
25:50 Husbandry
26:31 Ballistics
29:40 Town Watch
31:34 Thumb Ring
32:01 Bloodlines
39:10 Imperial Age
37:27 Wheelbarrow
38:13 Gold Shaft Mining
39:55 Bracer
40:58 Chemistry
41:21 Parthian Tactics
42:06 Padded Archer Armor
42:26 Hand Cart
43:04 Light Cavalry
44:37 Heavy Plow
45:15 Scale Barding Armor
44:35 Hussar
46:24 Chain Barding Armor
47:36 Conscription
49:57 Plate Barding Armor
54:10 Leather Archer Armor
56:06 Two-Man Saw
55:44 Crop Rotation
55:54 Heavy Cavalry Archer
56:57 Stone Mining
58:31 Siege Engineers
60:24 Corvinian Army
68:11 Ring Archer Armor
67:24 Elite Magyar Huszar
Mustapha M00n
2:44 Loom
11:29 Feudal Age
11:59 Double-Bit Axe
11:58 Horse Collar
23:32 Castle Age
22:14 Fletching
22:30 Scale Barding Armor
23:42 Padded Archer Armor
23:43 Scale Mail Armor
24:30 Bow Saw
24:51 Gold Mining
26:00 Squires
25:22 Pikeman
25:49 Gambesons
29:11 Heavy Plow
31:23 Bloodlines
31:14 Husbandry
32:23 Wheelbarrow
32:06 Elite Skirmisher
35:43 Ballistics
35:32 Bodkin Arrow
35:58 Chain Barding Armor
35:54 Leather Archer Armor
35:38 Stone Mining
36:48 Hand Cart
36:12 Light Cavalry
38:08 Town Watch
41:58 Imperial Age
40:59 Forging
41:05 Chain Mail Armor
40:40 Arson
41:04 Town Patrol
43:03 Bracer
43:35 Ring Archer Armor
43:40 Plate Barding Armor
43:36 Plate Mail Armor
43:42 Iron Casting
42:54 Cranequins
44:18 Conscription
44:41 Crop Rotation
44:32 Gothikon
48:03 Chemistry
47:14 Masonry
46:47 Elite Varangian Guard
46:48 Halberdier
49:54 Blast Furnace
48:16 Hussar
48:17 Cavalier
50:23 Heavy Mounted Crossbowman
54:43 Elite Jarl
58:40 Vendel Legacy
59:44 Capped Ram
63:40 Siege Ram
67:30 Architecture
67:05 Siege Engineers
40LD_J0m3R
2:42 Loom
9:22 Feudal Age
9:56 Double-Bit Axe
12:18 Scale Mail Armor
13:58 Forging
16:16 Wheelbarrow
16:55 Fletching
18:08 Padded Archer Armor
19:19 Town Watch
24:13 Castle Age
24:17 Crossbowman
25:29 Bow Saw
26:54 Horse Collar
27:39 Bodkin Arrow
27:59 Leather Archer Armor
28:35 Leather Archer Armor
28:38 Hand Cart
30:02 Heavy Plow
29:53 Gold Mining
34:35 Ballistics
37:50 Imperial Age
37:10 Gold Shaft Mining
38:30 Arbalester
39:12 Bracer
40:36 Chemistry
46:44 Eagle Warrior
47:25 Squires
47:11 Gambesons
48:32 Iron Casting
48:12 Chain Mail Armor
51:04 Blast Furnace
52:52 Plate Mail Armor
52:51 Elite Eagle Warrior
55:46 Crop Rotation
55:34 Pikeman
58:27 Garland Wars
58:47 Murder Holes
61:32 Conscription
63:56 Fortified Wall
64:04 Fortified Wall
64:59 Caravan
65:29 Arson
65:58 Siege Engineers
65:47 Stone Mining
Connection lost

Rejoining the realm…

Still unreachable

The connection could not be restored.

Session expired

The server has moved on; the page needs a fresh start.